 Dungeon Crawl Stone Soup version 0.24-a0-7-g1bb0902669 (webtiles) character file.

Game seed: 11714514630429806347

1675823 askbmoirweq the Slayer (level 26, 185/207 HPs)
             Began as an Octopode Wanderer on Jan 31, 2019.
             Was an Initiate of Gozag.
             Escaped with the Orb
             ... and 3 runes!
             The game lasted 03:09:30 (66478 turns).

askbmoirweq the Slayer (Octopode Wanderer)         Turns: 66478, Time: 03:09:31

Health: 185/207    AC: 15    Str: 12    XL:     26   Next: 92%
Magic:  34/37      EV: 38    Int: 17    God:    Gozag
Gold:   8860       SH:  0    Dex: 28    Spells: 11/41 levels left

rFire    + . .     SeeInvis +   I - +8 lajatang (elec)
rCold    . . .     Gourm    .   (shield currently unavailable)
rNeg     + . .     Faith    .   W - +2 hat
rPois    .         Spirit   .   p - amulet "Tuesmeni" {rN+ Regen+ Dex+5}
rElec    .         Reflect  .   N - +4 ring of slaying
rCorr    .         Harm     .   Z - ring "Binnub" {Slay+5 SInv}
MR       +++..                  u - ring of the Mage {Wiz MR++ Int+3}
Stlth    ++........             R - +3 ring of evasion
HPRegen  0.84/turn              E - +4 ring of protection
MPRegen  0.25/turn              K - +3 ring of protection
                                j - ring of protection from fire
                                z - +5 ring of protection

@: deflect missiles
A: almost no armour, stealthy swim, amphibious, 8 rings, constrict 8, camouflage
1, mutation resistance 1, gelatinous body 1
0: Orb of Zot
}: 3/15 runes: serpentine, barnacled, slimy
a: Potion Petition, Call Merchant, Bribe Branch, Renounce Religion


You escaped.
You worshipped Gozag.
Gozag was greatly pleased with you.
You were not hungry.

You visited 9 branches of the dungeon, and saw 49 of its levels.
You visited the Abyss 1 time.
You visited 1 ziggurat, and saw 7 of its levels.
You also visited: Bailey and Ice Cave.

You collected 30689 gold pieces.
You spent 9138 gold pieces at shops.
You paid 12691 gold pieces to Gozag.

Inventory:

Hand Weapons
 v - the +9 glaive "Zakoef" {freeze, Str+6}
   (You bought it in a shop on level 3 of the Elven Halls)

   It has been specially enchanted to freeze those struck by it, causing extra
   injury to most foes and up to half again as much damage against particularly
   susceptible opponents.
   It can also slow down cold-blooded creatures.
   It affects your strength (+6).
 I - a +8 lajatang of electrocution (weapon)
 Q - the +10 halberd of Ciazihiw {protect, rF+ Str+5 Int-2 SInv}
   (You bought it in a shop on level 2 of the Elven Halls)

   It protects the one who uses it against injury (+AC on strike).
   It affects your strength (+5).
   It affects your intelligence (-2).
   It protects you from fire.
   It lets you see invisible.
 S - a +9 vampiric lajatang
Missiles
 y - 6 throwing nets (quivered) {!f}
Armour
 W - a +2 hat (worn)
Jewellery
 j - a ring of protection from fire (on tentacle)
 l - an uncursed ring of protection from fire
 m - an uncursed ring of protection from cold
 n - an uncursed ring of resist corrosion
 p - the amulet "Tuesmeni" (around mantle) {rN+ Regen+ Dex+5}
   (You found it on level 5 of the Lair of Beasts)

   [amulet of regeneration]

   It affects your dexterity (+5).
   It protects you from negative energy.
   It increases your rate of regeneration.
 s - an uncursed ring of poison resistance
 u - the ring of the Mage (on tentacle) {Wiz MR++ Int+3}
   (You found it on level 5 of the Pits of Slime)

   [ring of wizardry]

   It improves your spell success rate.
   It affects your intelligence (+3).
   It affects your resistance to hostile enchantments.
 z - a +5 ring of protection (on tentacle)
 E - a +4 ring of protection (on tentacle)
 J - the ring "Atwugawo" {+Inv +Fly rElec MR- Int+2}
   (You bought it in a shop on level 2 of the Orcish Mines)

   [ring of flight]

   It affects your intelligence (+2).
   It insulates you from electricity.
   It affects your resistance to hostile enchantments.
   It lets you turn invisible.
   It lets you fly.
 K - a +3 ring of protection (on tentacle)
 N - a +4 ring of slaying (left tentacle)
 R - a +3 ring of evasion (on tentacle)
 Z - the ring "Binnub" (right tentacle) {Slay+5 SInv}
   (You found it on level 5 of the Pits of Slime)

   [ring of see invisible]

   It affects your accuracy and damage with ranged weapons and melee attacks
   (+5).
   It lets you see invisible.
Wands
 r - a wand of scattershot (7)
 G - a wand of paralysis (35)
 L - a wand of acid (10)
 M - a wand of digging (9)
 O - a wand of enslavement (17)
 U - a wand of iceblast (31)
Scrolls
 a - 3 scrolls of identify {@r1}
 e - 4 scrolls of fear
 g - 3 scrolls of holy word
 h - 10 scrolls of teleportation
 w - 5 scrolls of blinking
 x - a scroll of remove curse {@r2}
 D - 2 scrolls of summoning
 V - 4 scrolls of fog
Potions
 b - 5 potions of curing {@q1}
 d - 12 potions of brilliance
 f - 2 potions of resistance
 k - 4 potions of ambrosia
 o - 7 potions of haste
 q - 3 potions of cancellation
 t - a potion of invisibility
 A - 4 potions of magic
 C - 5 potions of heal wounds
 F - 3 potions of might
 H - 4 potions of agility
 P - 3 potions of mutation
Miscellaneous
 i - a sack of spiders
 B - 5 boxes of beasts
 T - a lamp of fire
 X - a phial of floods
 Y - a fan of gales
Comestibles
 c - 43 rations


   Skills:
 - Level 24.0 Fighting
   Level 4.0 Short Blades
   Level 2.9(11.8) Axes
 - Level 16.9(18.2) Polearms
 + Level 11.7(15.6) Staves
 - Level 1.0 Throwing
 * Level 20.8 Dodging
 - Level 1.3 Stealth
   Level 1.0 Shields
 - Level 8.0 Spellcasting
 - Level 1.0 Conjurations
 - Level 2.0 Hexes
 - Level 10.0 Charms
 - Level 2.0 Summonings
 - Level 2.0 Necromancy
 - Level 4.0 Translocations
 - Level 2.0 Ice Magic
 - Level 10.0 Air Magic
 - Level 1.0 Poison Magic
 + Level 20.6 Evocations


You had 11 spell levels left.
You knew the following spells:

 Your Spells              Type           Power        Failure   Level  Hunger
a - Blink                 Tloc           N/A          1%          2    None
b - Mephitic Cloud        Conj/Pois/Air  ###.....     2%          3    #......
c - Swiftness             Chrm/Air       #####...     1%          2    None
d - Summon Lightning Spi  Summ/Air       ####....     3%          4    ###....
e - Deflect Missiles      Chrm/Air       #####.....   11%         6    ######.
f - Silence               Hex/Air        ####......   10%         5    #####..
g - Regeneration          Chrm/Necr      ####......   1%          3    #......
h - Ozocubu's Armour      Chrm/Ice       ####....     1%          3    #......
i - Passwall              Tmut/Erth      #.......     6%          2    None

Your spell library contained the following spells:

 Spells                   Type           Power        Failure   Level  Hunger
 Confusing Touch          Hex            ##....       1%          1    None
 Corona                   Hex            ##.....      1%          1    None
 Freeze                   Ice            ##..         1%          1    None
 Infusion                 Chrm           ####         1%          1    None
 Shock                    Conj/Air       ####         1%          1    None
 Summon Small Mammal      Summ           ##..         1%          1    None
 Shroud of Golubria       Chrm/Tloc      ####......   1%          2    None
 Song of Slaying          Chrm           #####...     1%          2    None
 Spectral Weapon          Hex/Chrm       ####....     1%          3    #......
 Static Discharge         Conj/Air       ####....     1%          3    #......
 Airstrike                Air            #####.....   1%          4    ###....
 Magic Dart               Conj           ##..         2%          1    None
 Call Imp                 Summ           ##......     2%          2    None
 Corpse Rot               Necr           N/A          2%          2    None
 Ensorcelled Hibernation  Hex/Ice        ##....       2%          2    None
 Slow                     Hex            ##......     2%          2    None
 Sublimation of Blood     Necr           ##........   2%          2    None
 Gell's Gravitas          Tloc           ###.......   2%          3    #......
 Lesser Beckoning         Tloc           ###.......   2%          3    #......
 Teleport Other           Tloc           ###.....     2%          3    #......
 Throw Frost              Conj/Ice       ##....       3%          2    None
 Recall                   Summ/Tloc      N/A          3%          3    #......
 Searing Ray              Conj           ##....       4%          2    None
 Call Canine Familiar     Summ           ##......     6%          3    #......
 Confuse                  Hex            ##......     6%          3    #......
 Summon Guardian Golem    Hex/Summ       ##......     6%          3    #......
 Tukima's Dance           Hex            ##......     6%          3    #......
 Dazzling Spray           Conj/Hex       ##....       7%          3    #......
 Inner Flame              Hex/Fire       ##......     9%          3    #......
 Conjure Flame            Conj/Fire      #.......     11%         3    #......
 Ignite Poison            Fire/Tmut/Pois #.......     11%         3    #......
 Stone Arrow              Conj/Erth      #.....       11%         3    #......
 Iskenderun's Battlesphe  Conj/Chrm      ####....     12%         5    #####..
 Lightning Bolt           Conj/Air       ####......   12%         5    #####..
 Force Lance              Conj/Tloc      ###.....     16%         4    ###....
 Animate Dead             Necr           N/A          17%         4    ###....
 Cause Fear               Hex            ##........   17%         4    ###....
 Summon Ice Beast         Ice/Summ       ##......     17%         4    ###....
 Fulminant Prism          Conj/Hex       ##........   22%         4    ###....
 Throw Icicle             Conj/Ice       ##......     22%         4    ###....
 Ice Form                 Ice/Tmut       ##......     26%         4    ###....
 Iskenderun's Mystic Bla  Conj           ##......     26%         4    ###....
 Leda's Liquefaction      Hex/Erth       ##........   26%         4    ###....
 Summon Forest            Summ/Tloc      ###.......   32%         5    #####..
 Petrify                  Tmut/Erth      #.......     38%         4    ###....
 Metabolic Englaciation   Hex/Ice        ##........   43%         5    #####..
 Summon Demon             Summ           ##........   43%         5    #####..
 Summon Mana Viper        Hex/Summ       ##......     43%         5    #####..
 Borgnjor's Vile Clutch   Necr/Erth      ##........   56%         5    #####..
 Venom Bolt               Conj/Pois      ##........   56%         5    #####..
 Yara's Violent Unravell  Hex/Tmut       ##........   56%         5    #####..
 Alistair's Intoxication  Tmut/Pois      #.......     65%         5    #####..
 Bolt of Magma            Conj/Fire/Erth #.........   65%         5    #####..
 Fireball                 Conj/Fire      #.........   65%         5    #####..
 Irradiate                Conj/Tmut      #.........   65%         5    #####..
 Freezing Cloud           Conj/Ice/Air   ###.......   69%         6    ######.
 Death Channel            Necr           ##........   93%         6    ######.
 Invisibility             Hex            ##......     93%         6    ######.
 Ozocubu's Refrigeration  Ice            ##........   93%         6    ######.
 Simulacrum               Ice/Necr       ##........   93%         6    ######.
 Bolt of Cold             Conj/Ice       ##........   96%         6    ######.
 Ring of Flames           Chrm/Fire      ###.......   98%         7    #######
 Bolt of Fire             Conj/Fire      #.........   99%         6    ######.
 Hydra Form               Tmut           #.........   99%         6    ######.
 Iron Shot                Conj/Erth      #.........   99%         6    ######.
 Statue Form              Tmut/Erth      #........    99%         6    ######.
 Orb of Destruction       Conj           ##........   100%        7    #######
 Spellforged Servitor     Conj/Summ      ##........   100%        7    #######
 Summon Hydra             Summ           ##........   100%        7    #######
 Discord                  Hex            ##........   100%        8    #######
 Ignition                 Fire           #.........   100%        8    #######
 Passage of Golubria      Tloc           Unusable     N/A         4    N/A

Dungeon Overview and Level Annotations

Branches:
Dungeon (15/15)            Temple (0/1) D:4            Lair (6/6) D:11
 Shoals (4/4) Lair:2        Snake (4/4) Lair:4        Slime (5/5) Lair:6
    Orc (2/2) D:11            Elf (3/3) Orc:2        Vaults (0/5) D:14
 Depths (5/5) D:15            Zot (5/5) Depths:5

Altars:
Ashenzari
Cheibriados
Dithmenos
Elyvilon
Fedhas
Gozag
Makhleb
Nemelex Xobeh
Okawaru
Trog
Wu Jian
Xom
Yredelemnul
Zin
The Shining One
Jiyva

Shops:
D:10 (   D:15 !   Orc:2 *:=[(   Elf:2 }(*(   Elf:3 (=   Snake:4 !*}(
Depths:1 *

Portals:
Hell: Depths:1 Depths:2 Depths:3 Depths:4 Depths:5
Abyss: Depths:4 Depths:5
Pandemonium: Depths:2 Depths:3

Annotations:
Depths:5 2 runed translucent doors, exclusion: 2 draconian stormcallers, Nianuil's ghost, veteran GrFE
Zot:4 1 exclusion
Zot:5 1 exclusion


Innate Abilities, Weirdness & Mutations

You cannot wear most types of armour.
You are very stealthy in the water. (Stealth+)
You are amphibious.
You can wear up to eight rings at the same time.
You can use your tentacles to constrict eight enemies at once.
Your skin changes colour to match your surroundings (Stealth+).
Your rubbery body absorbs attacks. (AC +1, EV +1)
You are somewhat resistant to further mutation.


Message History

You are feeling hungry.
You eat one of the 44 rations.
That ration really hit the spot!
You climb upwards.
There is a stone staircase leading down here.
There is a stone staircase leading up, spattered with blood here.
You climb upwards.
There is a stone staircase leading down here.
HP restored.
As you open the door, it creaks loudly!
There is an open door here.
A reaper comes into view. It is wielding a +2 scythe of pain.
Your skin is crawling a little less now.
There is an open door here.
There is a stone staircase leading down here.
Your skin stops crawling.
A Brimstone Fiend comes into view.
There is a staircase leading out of the dungeon here.
The Brimstone Fiend gestures at you.
The sphere of damnation explodes!
The damnation engulfs you!!
You have escaped!

#...[....#.#.##.##########
#...#.##.#.#.##..........#
#...#.##.#.#.###########.#
#........#.#.........# #.#
##..######.#########.# #.#
#...........[# #.# #.#
##.#########.######.###.#
#..# #.........#.....#
#..# #...@.....#######
#..# #.........# #..#
#.........# #..#
#....8....# #..#
#.....♣...# #..#
#..1......# #..#
#.........# #..#
#.........# #..#
###....####


You could see a Brimstone Fiend.

Vanquished Creatures
  the Royal Jelly (Slime:5)
  An orb of fire (Zot:5)
  5 ancient liches
  Boris (twice) (Depths:3 Depths:5)
  7 Killer Klowns
  A curse toe (Zot:3)
  11 golden dragons
  Nikola (Shoals:2)
  2 electric golems (Zot:5)
  3 liches
  11 Orb Guardians (Zot:5)
  Rupert (Snake:1)
  9 tentacled monstrosities
  2 deep elf blademasters
  3 deep elf master archers (Elf:3)
  3 quicksilver dragons
  13 acid blobs
  2 Executioners
  5 death cobs
  8 storm dragons
  Kirke (Shoals:2)
  2 shadow dragons
  4 tengu reavers
  7 krakens
  2 tentacled starspawn (Abyss:4)
  A revenant (Abyss:3)
  8 nagarajas (Snake:4)
  6 azure jellies
  3 draconian monks
  6 fire giants
  4 draconian knights
  6 deep elf sorcerers (Elf:3)
  A balrug (Depths:2)
  4 orc warlords
  A caustic shrike zombie (D:15)
  5 draconian shifters
  7 frost giants
  3 ghost moths
  A spriggan defender (Depths:3)
  5 draconian stormcallers
  3 deep elf elementalists
  14 very ugly things
  3 draconian annihilators
  2 ghouls (D:14)
  4 vampire knights
  The ghost of Tanyipysto the Severer, a journeyman HOFi of Okawaru (Lair:5)
  17 stone giants
  A starcursed mass (Abyss:4)
  8 green draconians
  5 black draconians
  5 deep elf demonologists (Elf:3)
  5 yellow draconians
  6 deep elf annihilators
  Azrael (Snake:3)
  7 red draconians
  10 white draconians
  A spark wasp (shapeshifter) (Depths:1)
  5 purple draconians
  A lorocyproca (Zig:3)
  5 spark wasps
  Snorg (Lair:3)
  9 ettins
  7 deep elf death magi
  5 merfolk javelineers
  10 merfolk impalers
  A yaktaur captain (Depths:5)
  4 fire dragons
  3 jiangshi (Depths:1)
  11 great orbs of eyes
  4 death oozes
  7 hydras
  7 deep elf high priests (Elf:3)
  8 ice dragons
  3 vault guards (D:14)
  A hell beast (Depths:3)
  2 alligator snapping turtles (Zig:6)
  18 naga warriors
  A rakshasa (Depths:1)
  4 spriggan air magi
  2 merfolk avatars (Shoals:3)
  4 death knights
  10 centaur warriors
  A two-headed ogre (shapeshifter) (Depths:3)
  A queen ant (Lair:3)
  8 satyrs
  A satyr (shapeshifter) (D:15)
  4 merfolk aquamancers
  13 anacondas
  7 ogre magi
  15 death yaks
  11 deep troll shamans
  3 tengu warriors
  23 two-headed ogres
  4 catoblepae
  4 deep troll earth magi
  A vampire mage (Depths:1)
  5 orc high priests
  6 shock serpents
  2 thrashing horrors (Abyss:3)
  6 spriggan berserkers
  A storm dragon zombie (Abyss:3)
  2 sun demons (Depths:2)
  9 naga sharpshooters
  A soul eater (Zig:3)
  A shock serpent (shapeshifter) (Depths:4)
  14 deep elf knights
  14 sea snakes
  6 iron trolls
  A sixfirhy (Zig:3)
  2 salamander mystics (Snake:2)
  An unseen horror (shapeshifter) (Depths:3)
  15 deep trolls
  7 skeletal warriors
  2 hell knights
  A wretched star (Abyss:3)
  2 infernal demonspawn (Depths:5)
  A kraken simulacrum (Shoals:4)
  3 unseen horrors
  8 glowing orange brains
  2 flayed ghosts
  The ghost of Flugslaktarn the Cleaver, a novice DDFi of Makhleb (D:6)
  An obsidian statue (Zot:5)
  An orange crystal statue (Depths:1)
  9 deep elf archers
  3 phantasmal warriors
  5 wizards
  14 harpies
  4 naga ritualists
  8 orc knights
  5 necromancers
  24 ugly things
  43 deep elf magi
  A mana viper (shapeshifter) (Depths:3)
  A faun (shapeshifter) (Depths:2)
  2 mana vipers
  7 orc sorcerers
  An oklob plant (Lair:5)
  13 fauns
  A frost giant zombie (D:15)
  7 cyclopes
  7 shining eyes
  A worldbinder (Abyss:3)
  8 salamanders
  18 manticores
  A moth of wrath (shapeshifter) (Elf:1)
  10 elephants
  31 black mambas
  11 moths of wrath
  10 merfolk sirens
  A fire giant skeleton (D:15)
  3 guardian serpents
  A rust devil (Depths:3)
  5 water nymphs
  2 gargoyles
  18 naga magi
  4 molten gargoyles (Elf:2)
  5 spiny frogs
  2 torpor snails
  2 eyes of devastation
  2 smoke demons (Abyss:3)
  A frost giant skeleton (D:15)
  A rime drake (shapeshifter) (Depths:4)
  3 ice statues
  A hellion (D:9)
  4 rime drakes
  2 efreet
  31 yaktaurs
  A kobold demonologist (D:14)
  3 tengu conjurers
  A komodo dragon (shapeshifter) (Zig:5)
  8 komodo dragons
  6 demonic crawlers
  4 freezing wraiths
  3 ancient zymes (Abyss:3)
  A hellwing (Depths:3)
  A red devil (Depths:3)
  2 polar bears (Lair:4)
  3 meliai (D:13)
  38 merfolk
  A meliai (shapeshifter) (Depths:2)
  A harpy skeleton (D:13)
  14 trolls
  A jumping spider (Zig:4)
  A raiju (shapeshifter) (Depths:1)
  10 wind drakes
  10 hornets
  Grinder (D:6)
  2 hornets (shapeshifter)
  14 hippogriffs
  2 meliai zombies (D:14)
  A raiju (Abyss:3)
  61 slime creatures
  2 dream sheep (Shoals:3)
  4 air elementals
  8 snapping turtles
  11 blink frogs
  5 flying skulls (Abyss:3)
  3 shadows
  A spriggan skeleton (Depths:1)
  Sigmund (D:2)
  59 yaks
  3 ynoxinuls
  9 spriggans
  29 water elementals
  A spriggan (shapeshifter) (Depths:4)
  2 fire bats (Elf:2)
  A deep troll skeleton (Depths:1)
  2 vampires
  2 wyverns (Lair:3)
  9 wraiths
  Eustachio (D:4)
  4 fire elementals
  A golden eye (shapeshifter) (Depths:1)
  18 humans (D:14)
  A tarantella (Zig:4)
  7 vampire mosquitoes
  2 hungry ghosts
  7 chaos spawn
  An emperor scorpion simulacrum (Abyss:3)
  A warg (Orc:2)
  2 steam dragons
  14 large abominations
  A neqoxec (Abyss:3)
  14 soldier ants
  58 nagas
  An acid dragon (D:15)
  8 hell hounds
  9 water moccasins
  2 floating eyes
  10 porcupines
  A hornet zombie (D:14)
  29 orc warriors
  6 sky beasts
  21 ice beasts
  A black bear (shapeshifter) (D:14)
  3 eyes of draining
  2 black bears
  9 wolves
  3 phantoms
  12 ogres
  8 boggarts
  2 necrophages (D:10)
  A manticore skeleton (Abyss:4)
  12 centaurs
  13 crocodiles
  2 big kobolds
  3 elf zombies (D:14)
  30 bullfrogs
  3 earth elementals
  2 wyvern zombies (D:13)
  A water moccasin zombie (D:8)
  6 killer bees (D:8)
  6 scorpions
  A troll zombie (D:14)
  A tengu zombie (Depths:1)
  6 wights
  7 howler monkeys
  6 centaur zombies
  9 crimson imps
  A bullfrog zombie (D:12)
  8 small abominations
  5 human zombies (D:14)
  3 bullfrog skeletons
  6 hounds
  3 jellies
  11 orc priests
  21 orc wizards
  9 centaur skeletons
  5 iguanas
  Natasha (thrice) (D:2)
  A human skeleton (D:14)
  48 worker ants
  An ogre zombie (D:14)
  A hound zombie (D:9)
  5 mummies (D:14)
  6 gnolls
  25 adders
  7 shadow imps
  2 white imps (Abyss:3)
  An adder zombie (D:10)
  An adder skeleton (D:4)
  5 worms
  6 dart slugs
  3 leopard geckos
  65 orcs
  2 ball pythons
  8 bats
  7 giant cockroaches
  12 goblins
  8 hobgoblins
  16 jackals
  4 quokkas
  6 frilled lizards
  2 jackal skeletons
  26 kobolds
  A leopard gecko skeleton (D:4)
  A leopard gecko zombie (D:8)
  An orc skeleton (Abyss:3)
  11 rats
  A plant (Lair:4)
  A starspawn tentacle (Abyss:4)
  14 tentacles
2021 creatures vanquished.

Vanquished Creatures (collateral kills)
  A tentacled monstrosity (Zot:3)
  4 Orb Guardians (Zot:5)
  A white draconian (Zot:4)
6 creatures vanquished.

Vanquished Creatures (others)
  An ancient lich (Zot:5)
  An orb of fire (Zot:5)
  A Killer Klown (Zot:5)
  A curse toe (Zot:5)
  A Brimstone Fiend (Zot:5)
  5 Orb Guardians (Zot:5)
  3 death cobs
  Ilsuiw (Shoals:2)
  A green draconian (Zot:4)
  A purple draconian (Zot:5)
  A merfolk javelineer (Shoals:3)
  A merfolk impaler (Zig:6)
  A naga warrior (Snake:3)
  27 dancing weapons
  A two-headed ogre (D:15)
  A deep troll shaman (Depths:3)
  A naga sharpshooter (Snake:2)
  A deep troll (Depths:3)
  2 deep elf magi
  A cyclops (Zig:6)
  A water nymph (Zig:6)
  A yaktaur (Depths:1)
  A hippogriff (Shoals:3)
  A shadow (D:11)
  6 humans
  A naga (Snake:1)
  An orc warrior (Orc:2)
  2 orcs
  A quokka (D:13)
  A demonic plant (Abyss:4)
  10 fungi
  11 plants
  A starspawn tentacle (Abyss:4)
  46 tentacles
  13 withered plants
150 creatures vanquished.

Grand Total: 2177 creatures vanquished

Notes
Turn   | Place    | Note
-------+----------+-------------------------------------------
     0 | D:1      | askbmoirweq the Octopode Wanderer began the quest for the
                  | Orb.
     0 | D:1      | askbmoirweq set off with the following items: a +2 short
                  | sword, 2 potions of curing {@q1}, a ration
     0 | D:1      | Reached XP level 1. HP: 13/13 MP: 1/1
   124 | D:1      | Reached XP level 2. HP: 18/18 MP: 2/2
   395 | D:1      | Reached XP level 3. HP: 15/24 MP: 3/3
   878 | D:2      | Found an opulent altar of Gozag.
   884 | D:2      | Became a worshipper of Gozag Ym Sagoz the Greedy
   937 | D:2      | Reached skill level 2 in Fighting
  1150 | D:2      | Reached XP level 4. HP: 20/29 MP: 4/4
  1441 | D:2      | Noticed Natasha
  1532 | D:2      | Killed Natasha
  1532 | D:2      | Reached XP level 5. HP: 23/35 MP: 5/5
  1831 | D:2      | Noticed Sigmund
  1932 | D:2      | Noticed Natasha
  1940 | D:2      | Killed Natasha
  2145 | D:2      | Killed Sigmund
  2145 | D:2      | Reached skill level 3 in Fighting
  2145 | D:2      | Reached skill level 5 in Dodging
  2145 | D:2      | Reached XP level 6. HP: 15/42 MP: 6/6
  2402 | D:2      | Noticed Natasha
  2416 | D:2      | Killed Natasha
  2690 | D:3      | Found a shattered altar of Ashenzari.
  3079 | D:3      | Found a faded altar of an unknown god.
  3514 | D:3      | Reached skill level 4 in Fighting
  3514 | D:3      | Reached XP level 7. HP: 47/48 MP: 7/7
  4473 | D:4      | Reached skill level 1 in Axes
  4631 | D:4      | Found a staircase to the Ecumenical Temple.
  4945 | D:4      | Noticed Eustachio
  5393 | D:4      | Reached XP level 8. HP: 54/54 MP: 8/8
  5776 | D:4      | Killed Eustachio
  5776 | D:4      | Reached skill level 5 in Fighting
  5827 | D:5      | Entered Level 5 of the Dungeon
  6516 | D:5      | Reached skill level 6 in Fighting
  6583 | D:5      | Found a blossoming altar of Fedhas.
  7311 | D:6      | Found a bloodstained altar of Trog.
  7333 | D:6      | Got a polished halberd
  7343 | D:6      | Identified the +5 halberd of Potuosir {chop, -Tele +Inv
                  | rElec Str+6} (You found it on level 6 of the Dungeon)
  7434 | D:6      | Reached XP level 9. HP: 63/63 MP: 9/9
  7437 | D:6      | Reached skill level 1 in Polearms
  7472 | D:6      | Found an ornate altar of the Wu Jian Council.
  7493 | D:6      | Reached skill level 1 in Evocations
  7554 | D:6      | Reached skill level 7 in Fighting
  7662 | D:6      | Found a basalt altar of Yredelemnul.
  7747 | D:6      | Noticed Grinder
  7759 | D:6      | Killed Grinder
  7806 | D:6      | Found a large runed translucent door.
  7806 | D:6      | Found a large runed translucent door.
  7858 | D:6      | Found a burning altar of Makhleb.
  8018 | D:6      | Noticed Flugslaktarn's ghost (novice DDFi)
  8130 | D:7      | Found a flagged portal.
  8151 | Bailey   | Entered a bailey
  8171 | Bailey   | Noticed an orc warlord
  8253 | Bailey   | Identified the cursed +1 robe of Creativity {*Slow Dex+3}
  8357 | Bailey   | Noticed an orc knight
  9170 | Bailey   | Killed an orc knight
  9170 | Bailey   | Reached skill level 5 in Polearms
  9616 | Bailey   | Found a runed translucent gate.
  9617 | Bailey   | Found a runed translucent gate.
  9619 | Bailey   | Found a runed translucent gate.
  9733 | Bailey   | Killed an orc warlord
  9733 | Bailey   | Reached skill level 5 in Evocations
  9733 | Bailey   | Reached XP level 10. HP: 23/71 MP: 11/13
  9960 | Bailey   | Reached skill level 10 in Dodging
  9960 | Bailey   | Reached XP level 11. HP: 75/75 MP: 13/16
  9961 | Bailey   | Reached XP level 12. HP: 81/81 MP: 13/17
 10844 | D:8      | Found a shadowy altar of Dithmenos.
 11195 | D:8      | Found a snail-covered altar of Cheibriados.
 11459 | D:8      | Found a shimmering altar of Xom.
 11459 | D:8      | Found a shimmering altar of Xom.
 11461 | D:8      | Found a shimmering altar of Xom.
 11461 | D:8      | Found a shimmering altar of Xom.
 11464 | D:8      | Found a shimmering altar of Xom.
 11922 | D:9      | Found an iron altar of Okawaru.
 13362 | D:9      | Found a glowing silver altar of Zin.
 13436 | D:10     | Entered Level 10 of the Dungeon
 13996 | D:10     | Noticed a two-headed ogre
 13999 | D:10     | Killed a two-headed ogre
 14142 | D:9      | Reached XP level 13. HP: 56/88 MP: 19/19
 14544 | D:10     | Found Meiriwif's Antique Weapon Boutique.
 14806 | D:11     | Reached skill level 8 in Fighting
 15386 | D:11     | Learned a level 2 spell: Blink
 15390 | D:11     | Learned a level 3 spell: Mephitic Cloud
 15404 | D:11     | You fall through a shaft!
 15431 | D:11     | Found a staircase to the Lair.
 15552 | D:11     | Found a staircase to the Orcish Mines.
 15573 | D:11     | Reached skill level 1 in Translocations
 15573 | D:11     | Reached skill level 1 in Air Magic
 15834 | D:11     | Reached skill level 1 in Poison Magic
 16158 | D:12     | Reached skill level 1 in Conjurations
 16320 | D:12     | Found Quiss's Food Emporium.
 16351 | D:12     | Reached skill level 1 in Spellcasting
 17434 | D:12     | Bought a ration for 60 gold pieces
 17434 | D:12     | Bought a ration for 60 gold pieces
 17434 | D:12     | Bought a ration for 60 gold pieces
 17434 | D:12     | Bought a ration for 60 gold pieces
 17434 | D:12     | Bought a ration for 60 gold pieces
 17434 | D:12     | Bought a ration for 60 gold pieces
 17434 | D:12     | Bought a ration for 60 gold pieces
 17434 | D:12     | Bought a ration for 60 gold pieces
 17434 | D:12     | Bought a ration for 60 gold pieces
 17434 | D:12     | Bought a ration for 60 gold pieces
 17434 | D:12     | Bought a ration for 60 gold pieces
 17810 | D:13     | Found a white marble altar of Elyvilon.
 18321 | D:13     | Reached XP level 14. HP: 74/95 MP: 19/21
 19123 | Lair:1   | Entered Level 1 of the Lair of Beasts
 20253 | Lair:2   | Found a staircase to the Shoals.
 20863 | Lair:2   | Reached skill level 9 in Fighting
 22743 | Lair:3   | Reached skill level 10 in Evocations
 22807 | Lair:3   | Reached skill level 5 in Air Magic
 23279 | Lair:3   | Noticed Snorg
 23292 | Lair:3   | Killed Snorg
 23882 | Lair:4   | Found a staircase to the Snake Pit.
 24314 | Lair:4   | Reached XP level 15. HP: 103/103 MP: 22/22
 24554 | Lair:4   | Got an iridescent mace
 24724 | Lair:4   | Identified the cursed +1 mace of Xaenwul {antimagic, +Fly
                  | Dex+4} (You found it on level 4 of the Lair of Beasts)
 24869 | Lair:5   | Found a frozen archway.
 24891 | IceCv    | Entered an ice cave
 25398 | IceCv    | Got a serpentine lapis lazuli ring
 25409 | IceCv    | Got a heavily runed ruby amulet
 25509 | IceCv    | Identified the amulet "Vuetrain" {Gourm +Blink rElec} (You
                  | found it in an ice cave)
 25511 | IceCv    | Identified the ring "Icoq" {*Tele Str+5 Dex+4} (You found
                  | it in an ice cave)
 25571 | Lair:5   | Reached skill level 5 in Spellcasting
 25625 | Lair:5   | Found a glowing golden altar of the Shining One.
 25765 | Lair:5   | Found a shattered altar of Ashenzari.
 25774 | Lair:5   | Reached skill level 10 in Fighting
 26178 | Lair:5   | Reached skill level 15 in Polearms
 26256 | Lair:5   | Noticed Tanyipysto's ghost (journeyman HOFi)
 26263 | Lair:5   | Found a transporter.
 26369 | Lair:5   | Found a transporter.
 26692 | Lair:6   | Entered Level 6 of the Lair of Beasts
 26901 | Lair:6   | Found a staircase to the Slime Pits.
 28879 | Lair:5   | Killed Tanyipysto's ghost
 28879 | Lair:5   | Reached skill level 15 in Dodging
 28905 | Lair:5   | Got a fine steel amulet
 28910 | Lair:5   | Identified the amulet "Tuesmeni" {rN+ Regen+ Dex+5} (You
                  | found it on level 5 of the Lair of Beasts)
 29198 | D:6      | Killed Flugslaktarn's ghost
 29485 | D:14     | Reached XP level 16. HP: 111/111 MP: 25/25
 29637 | D:14     | Reached skill level 11 in Fighting
 30544 | D:14     | Reached skill level 12 in Fighting
 30794 | D:14     | Found a gate to the Vaults.
 30934 | D:14     | Identified the +1 robe "Isaen" {*Slow rF+ Regen+ Stlth+}
 30973 | D:14     | Found a basalt altar of Yredelemnul.
 31190 | D:15     | Entered Level 15 of the Dungeon
 31292 | D:15     | Gained mutation: You are clumsy. (Dex -2) [mutagenic glow]
 31691 | D:15     | Found a staircase to the Depths.
 32088 | D:15     | Reached skill level 13 in Fighting
 32176 | D:15     | Found Sieneine's Distillery.
 32209 | D:15     | Bought a potion of ambrosia for 112 gold pieces
 32209 | D:15     | Bought a potion of agility for 56 gold pieces
 32209 | D:15     | Bought a potion of heal wounds for 70 gold pieces
 32209 | D:15     | Bought a potion of haste for 140 gold pieces
 32209 | D:15     | Bought a potion of curing for 42 gold pieces
 32332 | D:15     | Reached XP level 17. HP: 116/122 MP: 26/26
 32642 | Orc:1    | Entered Level 1 of the Orcish Mines
 32941 | Orc:2    | Entered Level 2 of the Orcish Mines
 33083 | Orc:2    | Found Toschu's Antique Weapon Shoppe.
 33133 | Orc:2    | Bought a glowing war axe for 214 gold pieces
 33154 | Orc:2    | Found Meufin's Antique Armour Emporium.
 33275 | Orc:2    | Found Tidonuaw's Book Emporium.
 33458 | Orc:2    | Found a staircase to the Elven Halls.
 33624 | Orc:2    | Found Faycoank's General Store.
 33892 | Orc:2    | Bought a ration for 70 gold pieces
 34291 | Orc:2    | Bought the ring of Padwulif {+Blink AC+1 Dex+2} for 424
                  | gold pieces
 34291 | Orc:2    | Bought the cursed ring of Xuah {+Blink Int-5 Slay+5} for
                  | 630 gold pieces
 34317 | Elf:1    | Entered Level 1 of the Elven Halls
 34402 | Elf:2    | Reached skill level 14 in Fighting
 35595 | Elf:2    | Found Deadaf's Antique Weapon Shoppe.
 35674 | Elf:2    | Found Naifya's Assorted Antiques.
 35748 | Elf:2    | Bought a scroll of summoning for 323 gold pieces
 35854 | Elf:2    | Found Deurphoda's Gadget Emporium.
 35857 | Elf:2    | Found Voetoule's Food Shoppe.
 35859 | Elf:2    | Found Amurinew's Antique Weapon Boutique.
 35868 | Elf:2    | Bought an ancient halberd for 279 gold pieces
 35868 | Elf:2    | Identified the +10 halberd of Ciazihiw {protect, rF+ Str+5
                  | Int-2 SInv} (You bought it in a shop on level 2 of the
                  | Elven Halls)
 35900 | Elf:2    | Bought a ration for 60 gold pieces
 35900 | Elf:2    | Bought a ration for 60 gold pieces
 35900 | Elf:2    | Bought a ration for 60 gold pieces
 35900 | Elf:2    | Bought a ration for 60 gold pieces
 35900 | Elf:2    | Bought a ration for 60 gold pieces
 35900 | Elf:2    | Bought a ration for 60 gold pieces
 35900 | Elf:2    | Bought a ration for 60 gold pieces
 35900 | Elf:2    | Bought a ration for 60 gold pieces
 35919 | Elf:2    | Bought a wand of enslavement (8) for 150 gold pieces
 35919 | Elf:2    | Bought a wand of iceblast (8) for 180 gold pieces
 35919 | Elf:2    | Bought a wand of paralysis (7) for 135 gold pieces
 35919 | Elf:2    | Bought a wand of paralysis (8) for 150 gold pieces
 35919 | Elf:2    | Bought a wand of iceblast (11) for 225 gold pieces
 36121 | Elf:2    | Found a runed translucent gate.
 36121 | Elf:2    | Found a runed translucent gate.
 36121 | Elf:2    | Found a runed translucent gate.
 36283 | Elf:3    | Entered Level 3 of the Elven Halls
 36475 | Elf:3    | Reached XP level 18. HP: 114/131 MP: 28/28
 36709 | Elf:3    | Found Metacw's Jewellery Shop.
 36713 | Elf:3    | Found Feuttael's Antique Weapon Boutique.
 36715 | Elf:3    | Bought an uncursed ring of protection from fire for 475
                  | gold pieces
 36727 | Elf:3    | Bought a slimy glaive for 333 gold pieces
 36727 | Elf:3    | Bought a glowing lajatang for 522 gold pieces
 36727 | Elf:3    | Identified the +9 glaive "Zakoef" {freeze, Str+6} (You
                  | bought it in a shop on level 3 of the Elven Halls)
 36758 | Elf:3    | Found the +6 Majin-Bo {vamp, Archmagi MP+6 Int+6}
 36919 | Elf:3    | Reached skill level 1 in Staves
 36927 | Elf:3    | Noticed an Ice Fiend
 36928 | Elf:3    | Noticed a Hell Sentinel
 37443 | Elf:3    | Identified the cursed +3 mace of Reason {speed, rPois MP-9
                  | Str+4}
 37489 | Elf:3    | Identified the +1 falchion of Prudence {slice, +Inv rElec
                  | rC- Str+4}
 37505 | Elf:3    | Noticed a deep elf master archer
 37517 | Elf:3    | Killed a deep elf master archer
 37644 | Elf:3    | Noticed a Brimstone Fiend
 37650 | Elf:3    | Identified the ring of Dawn {Ice Int+4}
 37747 | Elf:3    | Noticed a deep elf master archer
 38033 | Elf:3    | Killed a deep elf master archer
 38033 | Elf:3    | Reached skill level 5 in Staves
 38215 | Elf:3    | Noticed a deep elf blademaster
 38215 | Elf:3    | Cast into level 3 of the Abyss (a deep elf demonologist)
 38251 | Abyss:3  | Gained mutation: Your body sometimes deteriorates upon
                  | taking damage. [a neqoxec]
 38615 | Abyss:3  | Noticed a profane servitor
 39095 | Abyss:4  | Found a corrupted altar of Lugonu.
 39098 | Abyss:4  | Found a corrupted altar of Lugonu.
 39132 | Abyss:4  | Found a corrupted altar of Lugonu.
 39282 | Elf:3    | Escaped the Abyss
 39615 | Elf:3    | Identified the cursed +1 scale mail of the First Realms
                  | {MR+ Str+4 Dex+4 Stlth-}
 39615 | Elf:3    | Identified the amulet "Hiast" {Gourm Int+4}
 39625 | Elf:3    | Killed a deep elf blademaster
 39840 | Elf:3    | Identified the +8 long sword "Deletet" {venom, +Blink +Rage
                  | Int+2}
 39850 | Elf:3    | Reached skill level 15 in Fighting
 39893 | Elf:3    | Reached XP level 19. HP: 139/139 MP: 29/29
 39991 | Elf:3    | Identified the Collected Works on Unstable Stolen Souls
 40186 | Orc:2    | Bought the ring "Atwugawo" {+Inv +Fly rElec MR- Int+2} for
                  | 770 gold pieces
 41106 | Shoals:1 | Entered Level 1 of the Shoals
 42369 | Shoals:2 | Noticed Nikola
 42381 | Shoals:2 | Noticed Kirke
 42433 | Shoals:2 | Killed Kirke
 42468 | Shoals:2 | Killed Nikola
 42598 | Shoals:2 | Noticed Ilsuiw
 42633 | Shoals:2 | Killed Ilsuiw
 42778 | Shoals:2 | Reached skill level 16 in Fighting
 43743 | Shoals:3 | Reached XP level 20. HP: 149/149 MP: 28/31
 44464 | Shoals:3 | Identified a scroll of acquirement
 44686 | Shoals:4 | Entered Level 4 of the Shoals
 45386 | Shoals:4 | Reached skill level 15 in Evocations
 45806 | Shoals:4 | Reached skill level 17 in Fighting
 45855 | Shoals:4 | Got a barnacled rune of Zot
 46408 | Snake:1  | Entered Level 1 of the Snake Pit
 46441 | Snake:1  | Noticed Rupert
 46445 | Snake:1  | Killed Rupert
 47152 | Snake:1  | Learned a level 2 spell: Swiftness
 47204 | Snake:2  | Reached skill level 1 in Charms
 47512 | Snake:2  | Reached XP level 21. HP: 158/158 MP: 32/32
 48291 | Snake:3  | Reached skill level 18 in Fighting
 48328 | Snake:3  | Noticed Azrael
 48343 | Snake:3  | Killed Azrael
 48397 | Snake:3  | Found a glowing silver altar of Zin.
 48843 | Snake:4  | Entered Level 4 of the Snake Pit
 48987 | Snake:4  | Found Zanitzom's Antique Weapon Shop.
 49597 | Snake:4  | Got a serpentine rune of Zot
 49946 | Snake:4  | Bought a scroll of identify for 68 gold pieces
 49948 | Snake:4  | Bought a potion of resistance for 150 gold pieces
 49948 | Snake:4  | Bought a potion of ambrosia for 120 gold pieces
 49948 | Snake:4  | Bought a potion of haste for 150 gold pieces
 49948 | Snake:4  | Bought a potion of agility for 60 gold pieces
 49948 | Snake:4  | Bought a potion of mutation for 120 gold pieces
 49948 | Snake:4  | Bought a potion of brilliance for 60 gold pieces
 49948 | Snake:4  | Bought a potion of brilliance for 60 gold pieces
 50233 | Depths:1 | Entered Level 1 of the Depths
 50724 | D:14     | Lost mutation: You are clumsy. (Dex -2) [potion of
                  | mutation]
 50724 | D:14     | Lost mutation: Your body sometimes deteriorates upon taking
                  | damage. [potion of mutation]
 50724 | D:14     | Gained mutation: You are somewhat resistant to further
                  | mutation. [potion of mutation]
 51456 | Depths:1 | Found a gateway to Hell.
 51473 | Depths:1 | Reached XP level 22. HP: 129/167 MP: 34/34
 51663 | Depths:1 | Found Caowovi's Assorted Antiques.
 51671 | Depths:1 | Bought a ring of evasion for 68 gold pieces
 51671 | Depths:1 | Bought a scroll of teleportation for 102 gold pieces
 51866 | Depths:1 | Reached skill level 19 in Fighting
 52120 | Depths:1 | Learned a level 4 spell: Summon Lightning Spire
 52181 | Depths:2 | Reached skill level 5 in Charms
 52244 | Depths:2 | Reached skill level 1 in Summonings
 52432 | Depths:2 | Found a gateway to a ziggurat.
 52437 | Depths:2 | Paralysed by a floating eye for 3 turns
 52454 | Depths:2 | Paralysed by a floating eye for 3 turns
 52466 | Depths:2 | Found a sparkling altar of Nemelex Xobeh.
 52628 | Depths:2 | Paralysed by a floating eye for 2 turns
 52634 | Depths:2 | Paralysed by a floating eye for 3 turns
 52640 | Depths:2 | Paralysed by a floating eye for 3 turns
 52648 | Depths:2 | Paralysed by a floating eye for 2 turns
 52654 | Depths:2 | Paralysed by a floating eye for 2 turns
 52958 | Depths:2 | Noticed a golden dragon
 52963 | Depths:2 | Killed a golden dragon
 53148 | Depths:2 | Paralysed by a floating eye for 2 turns
 53152 | Depths:2 | Paralysed by a floating eye for 3 turns
 53338 | Depths:2 | Found a one-way gate leading to the halls of Pandemonium.
 53373 | Depths:2 | Noticed an ancient lich
 53385 | Depths:2 | Killed an ancient lich
 53897 | Zig:1    | Entered Level 1 of a ziggurat
 53941 | Zig:2    | Entered Level 2 of a ziggurat
 53981 | Zig:3    | Entered Level 3 of a ziggurat
 54062 | Zig:4    | Entered Level 4 of a ziggurat
 54122 | Zig:4    | Identified Giumiedi's Disquisition on Congealing Fire
 54190 | Zig:5    | Entered Level 5 of a ziggurat
 54194 | Zig:5    | Noticed a Killer Klown
 54194 | Zig:5    | Noticed a Killer Klown
 54203 | Zig:5    | Killed a Killer Klown
 54203 | Zig:5    | Reached XP level 23. HP: 150/175 MP: 35/35
 54212 | Zig:5    | Killed a Killer Klown
 54280 | Zig:5    | Learned a level 6 spell: Deflect Missiles
 54286 | Zig:5    | Learned a level 5 spell: Silence
 54287 | Zig:6    | Entered Level 6 of a ziggurat
 54371 | Zig:6    | Identified Pefimm's Advanced Guide to Spellweaving
 54379 | Zig:6    | Learned a level 3 spell: Regeneration
 54383 | Zig:6    | Learned a level 3 spell: Ozocubu's Armour
 54384 | Zig:7    | Entered Level 7 of a ziggurat
 54418 | Zig:7    | Reached skill level 1 in Hexes
 54468 | Zig:7    | Identified the Almanac of Execration
 54502 | Depths:2 | Learned a level 2 spell: Passwall
 54715 | Depths:3 | Reached skill level 1 in Ice Magic
 54716 | Depths:3 | Identified the +1 shield of an ice cave {rCorr}
 54787 | Depths:3 | Noticed Boris
 54803 | Depths:3 | Killed Boris
 54803 | Depths:3 | Reached skill level 1 in Necromancy
 54977 | Depths:3 | Reached skill level 20 in Fighting
 55057 | Depths:3 | Noticed a golden dragon
 55075 | Depths:3 | Killed a golden dragon
 55183 | Depths:3 | Noticed a golden dragon
 55621 | Depths:3 | Noticed a golden dragon
 56224 | Depths:3 | Reached skill level 10 in Air Magic
 56337 | Depths:4 | Reached skill level 21 in Fighting
 56362 | Depths:4 | Identified the amulet of Jyrokh {Acrobat Slay+3} (You found
                  | it on level 4 of the Depths)
 56453 | Depths:4 | Reached XP level 24. HP: 187/187 MP: 35/35
 56542 | Depths:4 | Found a one-way gate to the infinite horrors of the Abyss.
 57152 | Depths:5 | Entered Level 5 of the Depths
 57475 | Depths:5 | Found a large runed translucent door.
 57475 | Depths:5 | Found a large runed translucent door.
 57492 | Depths:5 | Noticed Nianuil's ghost (veteran GrFE)
 57659 | Depths:5 | Found a gate to the Realm of Zot.
 57971 | Depths:5 | Reached skill level 10 in Staves
 58198 | Depths:5 | Noticed Boris
 58212 | Depths:5 | Killed Boris
 58942 | Slime:1  | Entered Level 1 of the Pits of Slime
 59142 | Slime:3  | Reached skill level 22 in Fighting
 59408 | Slime:5  | Entered Level 5 of the Pits of Slime
 59555 | Slime:5  | Found a viscous altar of Jiyva.
 59558 | Slime:5  | Noticed the Royal Jelly
 59573 | Slime:5  | Killed the Royal Jelly
 59621 | Slime:5  | Found the ring of the Mage {Wiz MR++ Int+3}
 59744 | Slime:5  | Identified the Disquisition on Supportive Boosts
 59749 | Slime:5  | Got a slimy rune of Zot
 59750 | Slime:5  | Identified the Catalogue of the Postmodern Cities
 59775 | Slime:5  | Got a faintly glowing bronze ring
 59783 | Slime:5  | Identified the ring "Binnub" {Slay+5 SInv} (You found it on
                  | level 5 of the Pits of Slime)
 60823 | Elf:2    | Bought a box of beasts for 300 gold pieces
 60823 | Elf:2    | Bought a box of beasts for 300 gold pieces
 61144 | Snake:4  | Bought a box of beasts for 380 gold pieces
 61144 | Snake:4  | Bought a box of beasts for 380 gold pieces
 61144 | Snake:4  | Bought a wand of digging (6) for 380 gold pieces
 61538 | Zot:1    | Entered Level 1 of the Realm of Zot
 61669 | Zot:3    | Noticed a curse toe
 62055 | Zot:2    | Reached skill level 10 in Charms
 62055 | Zot:2    | Reached XP level 25. HP: 196/197 MP: 35/35
 62711 | Zot:3    | Reached skill level 23 in Fighting
 63610 | Zot:5    | Entered Level 5 of the Realm of Zot
 64611 | Zot:4    | Noticed a Killer Klown
 64624 | Zot:4    | Killed a Killer Klown
 64624 | Zot:4    | Reached skill level 24 in Fighting
 64624 | Zot:4    | Reached XP level 26. HP: 207/207 MP: 36/36
 65170 | Zot:5    | Noticed an ancient lich
 65178 | Zot:5    | Killed an ancient lich
 65179 | Zot:5    | Noticed an orb of fire
 65196 | Zot:5    | Killed an orb of fire
 65197 | Zot:5    | Noticed an ancient lich
 65198 | Zot:5    | Noticed an orb of fire
 65215 | Zot:5    | Noticed a Killer Klown
 65215 | Zot:5    | Noticed a Killer Klown
 65215 | Zot:5    | Noticed an ancient lich
 65216 | Zot:5    | Noticed an ancient lich
 65222 | Zot:5    | Noticed an ancient lich
 65247 | Zot:5    | Killed an ancient lich
 65247 | Zot:5    | Noticed a Killer Klown
 65256 | Zot:5    | Killed a Killer Klown
 65287 | Zot:5    | Killed an ancient lich
 65294 | Zot:5    | Killed an ancient lich
 65302 | Zot:5    | Killed a Killer Klown
 65305 | Zot:5    | Noticed a Killer Klown
 65315 | Zot:5    | Killed a Killer Klown
 65359 | Zot:5    | Noticed a Killer Klown
 65369 | Zot:5    | Killed a Killer Klown
 65696 | Zot:5    | Noticed an ancient lich
 65808 | Zot:5    | Got the Orb of Zot
 65953 | Depths:5 | Noticed Ovoak the pandemonium lord
 66042 | Depths:1 | Noticed Uhucuul the pandemonium lord
 66221 | D:10     | Noticed Xitynk the pandemonium lord
 66327 | D:6      | Noticed Lucemugha the pandemonium lord
 66478 | D:$      | Escaped with the Orb!

Vault maps used:
D:1:      wander_arrival_peaceful_grave
D:2:      lemuel_crystal_altar, first_ration, kennysheep_boxes, uniq_natasha,
          uniq_sigmund
D:3:      ashenzari_conservatory_becter, chequers_ecumenical_altar_simple_redux
D:4:      minmay_temple_entry_stoned_glass, grunt_ministairs_6,
          eino_tiny_chamber, uniq_eustachio
D:5:      overflow_temple_1_default, serial_glass, glass_columns_b,
          glass_columns_c, glass_columns_a, glass_columns_a
D:6:      kennysheep_mini, old_standard_altar, kennysheep_little_box,
          ebering_ghost_disaster_area, basic_altar, uniq_grinder
D:7:      enter_bailey_2
D:8:      kennysheep_mini_moat, grunt_dithmenos_smoke_and_mirrors,
          xom_shifter_show
D:9:      minmay_imperfect_grid, zin_treasury, basic_altar
D:10:     serial_shops, nicolae_shop_stone, hangedman_stone_soup,
          kennysheep_generic_room_8
D:11:     lair_entry_dummy, orc_0_dummy
D:12:     minmay_slanted_spiral_squares, serial_shops, shop_statue
D:13:     elyvilon_altar_4
D:14:     grunt_vaults_entry_tiered, serial_undead, serial_undead_e,
          serial_undead_c, serial_undead_d, serial_undead_f, serial_undead_a,
          serial_undead_f, serial_undead_a, serial_undead_c, serial_undead_e,
          serial_undead_d, lemuel_mausoleum_altar_yredelemnul
D:15:     gammafunk_depths_entry_grave, serial_shops, shop, serial_glass,
          glass_columns_b, glass_columns_a, glass_columns_a, glass_columns_a,
          glass_columns_b, glass_columns_b
Lair:2:   minmay_shoals_entry_beasts, serial_bayou_shore_b
Lair:3:   zaba_anthell, uniq_snorg
Lair:4:   minmay_snake_entry_six_corridors, gammafunk_lair_bear_cave
Lair:5:   gammafunk_ghost_berserking_beasts, basic_altar, portal_ice_cave_rime,
          lemuel_oklob_altar
Lair:6:   evilmike_catoblepas_cave, dpeg_slime_entry_corner, serial_bayou_pond_a
Shoals:2: uniq_ilsuiw, uniq_nikola, uniq_kirke
Shoals:4: shoals_end_grunt_ice, nicolae_shoals_kraken_party
Snake:1:  nicolae_snake_round_shape_thing, uniq_rupert
Snake:2:  special_room, nicolae_snake_serpentine_hallways
Snake:3:  basic_altar, uniq_azrael
Snake:4:  minmay_snake_end_coiled, serial_shops, nicolae_shop_trees
Slime:2:  nicolae_slime_barrier
Slime:3:  special_room
Orc:2:    grunt_orc_gardens, grunt_orc_garden, grunt_orc_garden,
          grunt_orc_garden, grunt_orc_garden
Elf:1:    minivault_28
Elf:2:    serial_shops, shop, shop_statue,
          nicolae_shop_temple_entry_statues_fountains, shop,
          nicolae_shop_overgrown_old_shop, minivault_8
Elf:3:    minmay_elf_hall_not_hex, einodemon_crawler_minivault, minmay_shoptagon
Depths:1: columned_hall_lemuel, serial_shops, nicolae_shop_waterfront,
          hell_entry, minivault_16, drop_trap, kennysheep_opposing_triangles
Depths:2: minmay_the_grid_3x3, enter_ziggurat_d,
          nemelex_xobeh_ov_fountains_minmay, lightli_too_deep, pan_entry,
          serial_bayou_shore_a
Depths:3: evilmike_inaccessible_box, nicolae_wwwww, rand_demon_pan_entry_1,
          hell_entry, st_stairs_2, uniq_boris
Depths:4: kennysheep_funnel, abyss_entry, hell_entry,
          roderic_lattice_octagonal_star
Depths:5: evilmike_zot_entry_argh, ebering_ghost_disaster_area,
          minmay_misc_feat_iff, pf_coc_iceberg, minmay_room_of_horrors,
          hangedman_abyss_or_decor_passed
Zot:1:    bh_zot_ikea_curve, grunt_ministairs_4
Zot:4:    st_single_dragon_hoard_4, grunt_megastairs_1
Abyss:4:  minivault_23, hangedman_abyss_or_decor_passed,
          hangedman_abyss_or_decor_stabs, nicolae_abyss_rune_left_handed,
          evilmike_abyss_exit_plants, patterned_corridor
Zig:5:    ziggurat_pillar_centre_c
Bailey:   bailey_axe_bossmonster_kennysheep, bailey
IceCv:    ice_cave_small_dragons

Skill      XL: |  1  2  3  4  5  6  7  8  9 10 11 12 13 14 15 16 17 18 19 20 21 22 23 24 25 26 |
---------------+-------------------------------------------------------------------------------+-----
Dodging        | 3 4 5 6 8 9 10 11 12 13 15 16 17 18 19 20 | 20.8
Fighting       | 2 3 4 6 7 8 9 10 13 14 15 16 17 18 19 21 22 24 | 24.0
Axes           | 2 |  2.9
Polearms       | 6 9 12 13 14 15 16 | 16.9
Evocations     | 5 7 8 9 10 11 12 14 15 16 17 18 20 | 20.6
Translocations | 2 4 |  4.0
Air Magic      | 3 5 6 8 10 | 10.0
Poison Magic   | 1 |  1.0
Conjurations   | 1 |  1.0
Spellcasting   | 2 4 6 7 8 |  8.0
Staves         | 8 9 10 11 | 11.7
Charms         | 1 4 7 8 10 | 10.0
Summonings     | 2 |  2.0
Hexes          | 2 |  2.0
Ice Magic      | 2 |  2.0
Necromancy     | 2 |  2.0
Short Blades   | |  4.0
Throwing       | |  1.0
Stealth        | |  1.3
Shields        | |  1.0

Action                   |  1- 3 |  4- 6 |  7- 9 | 10-12 | 13-15 | 16-18 | 19-21 | 22-24 | 25-27 || total
-------------------------+-------+-------+-------+-------+-------+-------+-------+-------+-------++-------
Melee: Short sword       |    68 |   110 |   171 |       |       |       |       |       |       ||   349
       Constrict         |    20 |    26 |    66 |    24 |   109 |   197 |   198 |   111 |    87 ||   838
       Tentacles         |     7 |    20 |    48 |    43 |   364 |   431 |   508 |   530 |   263 ||  2214
       Halberd           |       |       |   121 |   240 |  1416 |  1010 |       |       |       ||  2787
       Lajatang          |       |       |       |       |       |   290 |  1478 |  1367 |   719 ||  3854
 Fire: Hunting sling     |       |       |    28 |       |       |       |       |       |       ||    28
Throw: Tomahawk          |       |       |    26 |     5 |    16 |     1 |       |       |       ||    48
       Throwing net      |       |       |       |       |       |       |       |     2 |       ||     2
 Cast: Blink             |       |       |       |       |     1 |       |     1 |     1 |       ||     3
       Deflect Missiles  |       |       |       |       |       |       |       |     2 |     3 ||     5
       Summon Lightning  |       |       |       |       |       |       |       |     5 |       ||     5
       Regeneration      |       |       |       |       |       |       |       |     2 |    18 ||    20
Invok: Call Merchant     |       |       |       |       |       |     1 |     3 |       |       ||     4
       Potion Petition   |       |       |       |       |       |     1 |     1 |       |       ||     2
       Bribe Branch      |       |       |       |       |       |       |       |       |     3 ||     3
 Abil: Evoke Invisibilit |       |       |     2 |       |    18 |    11 |    11 |     4 |     2 ||    48
Evoke: Wand              |       |       |     7 |     7 |    27 |     9 |    22 |    12 |    10 ||    94
       Phial of floods   |       |       |       |       |     1 |     1 |       |     1 |       ||     3
       Lightning rod     |       |       |       |       |       |     5 |       |       |       ||     5
       Lamp of fire      |       |       |       |       |       |       |       |     3 |       ||     3
       Box of beasts     |       |       |       |       |       |       |       |       |     2 ||     2
  Use: Potion            |       |     1 |     4 |     5 |     5 |     5 |     4 |     8 |    12 ||    44
       Scroll            |       |       |    12 |     8 |    18 |    22 |    14 |    16 |     7 ||    97
 Stab: Sleeping          |    14 |     6 |    10 |    15 |    15 |    27 |    13 |    12 |     4 ||   116
       Distracted        |       |       |     2 |     5 |    11 |    18 |    18 |    23 |    15 ||    92
       Invisible         |       |       |     1 |       |    93 |    61 |    38 |    32 |    23 ||   248
       Paralysed         |       |       |       |     4 |    15 |     8 |    23 |     3 |       ||    53
       Held in net/web   |       |       |       |       |       |       |       |     2 |       ||     2
  Eat: Ration            |       |     2 |     6 |     5 |    16 |    13 |    12 |    13 |     6 ||    73
Armor: Skin              |     3 |       |    13 |     4 |    18 |    53 |   127 |   136 |    97 ||   451
Dodge: Dodged            |    29 |    54 |   239 |   147 |   825 |   853 |  1651 |  1593 |   806 ||  6197
       Deflected         |       |       |       |       |       |       |       |    15 |    17 ||    32

Table legend:
 A = Non-vault XP
 B = Vault XP
 C = Vault XP percentage of total XP
 D = Non-vault monster count
 E = Vault monster count
 F = Vault count percentage of total count
                 A         B        C        D         E       F
            +---------+---------+-------+---------+---------+-------
      Total |  743278 |  480136 |  39.2 |    1428 |     604 |  29.7
            +---------+---------+-------+---------+---------+-------
        D:1 |      54 |       0 |   0.0 |      27 |       0 |   0.0
        D:2 |     167 |     256 |  60.5 |      31 |       2 |   6.1
        D:3 |     351 |       0 |   0.0 |      35 |       0 |   0.0
        D:4 |     310 |     316 |  50.5 |      18 |       3 |  14.3
        D:5 |     848 |       0 |   0.0 |      21 |       0 |   0.0
        D:6 |     876 |     958 |  52.2 |      22 |       2 |   8.3
        D:7 |    1288 |       0 |   0.0 |      28 |       0 |   0.0
        D:8 |    1127 |       0 |   0.0 |      18 |       0 |   0.0
        D:9 |    1490 |    2816 |  65.4 |      15 |      24 |  61.5
       D:10 |    4396 |     736 |  14.3 |      29 |       3 |   9.4
       D:11 |    6754 |       0 |   0.0 |      30 |       0 |   0.0
       D:12 |    5248 |    1744 |  24.9 |      26 |      13 |  33.3
       D:13 |    8886 |       0 |   0.0 |      44 |       0 |   0.0
       D:14 |   13743 |   16781 |  55.0 |      46 |      52 |  53.1
       D:15 |   31424 |    5839 |  15.7 |      65 |       8 |  11.0
     Lair:1 |    1465 |       0 |   0.0 |       7 |       0 |   0.0
     Lair:2 |    3967 |     806 |  16.9 |      21 |       3 |  12.5
     Lair:3 |    9351 |    5129 |  35.4 |      27 |      46 |  63.0
     Lair:4 |    9478 |    2228 |  19.0 |      39 |      17 |  30.4
     Lair:5 |    8603 |    4584 |  34.8 |      24 |       9 |  27.3
     Lair:6 |    7092 |   10831 |  60.4 |      14 |      23 |  62.2
   Shoals:1 |   17302 |       0 |   0.0 |      38 |       0 |   0.0
   Shoals:2 |   18083 |    9791 |  35.1 |      37 |       6 |  14.0
   Shoals:3 |   23559 |       0 |   0.0 |      37 |       0 |   0.0
   Shoals:4 |    6326 |   31921 |  83.5 |      17 |      38 |  69.1
    Snake:1 |   24704 |    2829 |  10.3 |      47 |       1 |   2.1
    Snake:2 |   19924 |       0 |   0.0 |      38 |       0 |   0.0
    Snake:3 |   12910 |    2440 |  15.9 |      28 |       8 |  22.2
    Snake:4 |   12895 |   27222 |  67.9 |      25 |      38 |  60.3
    Slime:1 |    5400 |       0 |   0.0 |      16 |       0 |   0.0
    Slime:2 |    3300 |    1061 |  24.3 |       4 |       1 |  20.0
    Slime:3 |    4207 |    1878 |  30.9 |       4 |       1 |  20.0
    Slime:4 |    9967 |       0 |   0.0 |      20 |       0 |   0.0
    Slime:5 |    7806 |   29527 |  79.1 |      11 |      12 |  52.2
      Orc:1 |    2704 |       0 |   0.0 |      11 |       0 |   0.0
      Orc:2 |    3567 |    9908 |  73.5 |      23 |      26 |  53.1
      Elf:1 |   15670 |    5001 |  24.2 |      27 |      11 |  28.9
      Elf:2 |   15696 |   24922 |  61.4 |      28 |      32 |  53.3
      Elf:3 |   10065 |   50610 |  83.4 |      17 |      41 |  70.7
   Depths:1 |   44432 |    5043 |  10.2 |      65 |       5 |   7.1
   Depths:2 |   28311 |   57116 |  66.9 |      39 |      48 |  55.2
   Depths:3 |   56912 |   27455 |  32.5 |      59 |      23 |  28.0
   Depths:4 |   29939 |     805 |   2.6 |      37 |       1 |   2.6
   Depths:5 |   23881 |   15257 |  39.0 |      25 |      23 |  47.9
      Zot:1 |     512 |    3467 |  87.1 |       1 |       2 |  66.7
      Zot:2 |    8807 |       0 |   0.0 |       4 |       0 |   0.0
      Zot:3 |   59104 |       0 |   0.0 |      25 |       0 |   0.0
      Zot:4 |   76866 |    8239 |   9.7 |      50 |       5 |   9.1
      Zot:5 |   30735 |  103732 |  77.1 |      17 |      28 |  62.2
    Abyss:3 |   12589 |       0 |   0.0 |      36 |       0 |   0.0
    Abyss:4 |    6325 |     635 |   9.1 |       6 |       2 |  25.0
      Zig:1 |    1407 |       0 |   0.0 |       1 |       0 |   0.0
      Zig:2 |     667 |       0 |   0.0 |       3 |       0 |   0.0
      Zig:3 |    2988 |       0 |   0.0 |       4 |       0 |   0.0
      Zig:4 |    3111 |     466 |  13.0 |       6 |       1 |  14.3
      Zig:5 |   12328 |       0 |   0.0 |       6 |       0 |   0.0
      Zig:6 |    6005 |       0 |   0.0 |      13 |       0 |   0.0
      Zig:7 |    7356 |       0 |   0.0 |      16 |       0 |   0.0
     Bailey |       0 |    2489 | 100.0 |       0 |      27 | 100.0
      IceCv |       0 |    5298 | 100.0 |       0 |      19 | 100.0
            +---------+---------+-------+---------+---------+-------
